 Dungeon Crawl Stone Soup version 0.27-a0-765-ge4d627daa3 (webtiles) character file.

Game seed: 11864155326061285802

3051 jasper the Thaumaturge (level 9, -3/57 HPs)
             Began as a Djinni Fire Elementalist on Mar 24, 2021.
             Was a Follower of Makhleb.
             Slain by a death yak (22 damage)
             ... on level 7 of the Dungeon.
             The game lasted 00:14:41 (9500 turns).

jasper the Thaumaturge (Djinni Fire Elementalist)   Turns: 9500, Time: 00:14:41

Health: -3/57      AC: 17    Str:  7    XL:     9   Next: 87%
Gold:   293        EV: 10    Int: 26    God:    Makhleb [*.....] SH:  5 Dex: 14

rFire    + + .     SeeInvis .   J - +1 spear of Arbitration {protect, Int+6}
rCold    x . .     Faith    .   (no shield)
rNeg     . . .     Spirit   .   l - +1 swamp dragon scales
rPois    ∞         Reflect  +   r - +0 helmet
rElec    .         Harm     .   v - +2 cloak
rCorr    .         Rampage  .   D - +0 pair of gloves
Will     .....                  (boots unavailable)
Stlth    +.........             K - amulet of reflection
HPRegen  0.19/turn              d - +4 ring of protection
MPRegen  0.00/turn              (no ring)

@: flying
A: fire resistance 2, cold vulnerability 1, float, innate caster, hp casting,
extra vitality 1
a: Renounce Religion


You were on level 7 of the Dungeon.
You worshipped Makhleb.
Makhleb was aware of your devotion.
You visited 2 branches of the dungeon, and saw 9 of its levels.

You collected 389 gold pieces.
You spent 96 gold pieces at shops.

Inventory:

Hand Weapons
 c - the +6 long sword of Chagrin {vorpal, *Corrode rElec rF+ Will+}
   (You found it on level 7 of the Dungeon)

   It inflicts extra damage upon your enemies.
   It protects you from fire.
   It insulates you from electricity.
   It affects your willpower, your defense against some magical effects.
   It may corrode you when you take damage.
 e - a +0 spear
 i - a +0 mace
 u - a +3 quarterstaff of chaos
 J - the +1 spear of Arbitration (weapon) {protect, Int+6}
   (You found it on level 7 of the Dungeon)

   It grants its wielder temporary protection when it strikes (+7 to AC).
   It affects your intelligence (+6).
Missiles
 b - 290 stones
Armour
 a - a +0 robe
 l - +1 swamp dragon scales (worn)
 n - a +0 cloak
 r - a +0 helmet (worn)
 v - a +2 cloak (worn)
 D - a +0 pair of gloves (worn)
Jewellery
 d - a +4 ring of protection (right hand)
 K - an amulet of reflection (around neck)
Wands
 h - a wand of random effects (20)
 s - a wand of charming (12)
 I - a wand of paralysis (5)
Scrolls
 m - 2 scrolls of fear
 o - a scroll of amnesia
 y - a scroll of teleportation
 B - a scroll of magic mapping
 E - a scroll of holy word
 G - a scroll of noise
Potions
 f - a potion of haste
 g - a potion of invisibility
 j - 2 potions of flight
 k - a potion of might
 q - 2 potions of lignification {unknown}
 t - 3 potions of brilliance {unknown}
 x - 3 potions of attraction {unknown}
 z - a potion of degeneration {unknown}
 A - a potion of resistance {unknown}
 C - 4 potions of mutation {unknown}
 H - a potion of heal wounds {unknown}


   Skills:
 + Level 1.1 Fighting
 + Level 1.1 Armour
 + Level 2.7 Dodging
 - Level 1.5 Stealth
 - Level 11.0 Spellcasting
 * Level 2.0 Invocations
 * Level 1.8 Evocations


You had 5 spell levels left.
You knew the following spells:

 Your Spells              Type           Power      Damage    Failure   Level
a - Foxfire               Conj/Fire      100%       2x1d9     1%          1
b - Conjure Flame         Conj/Fire      64%        6-21      1%          3
c - Inner Flame           Hex/Fire       64%        N/A       1%          3
d - Sticky Flame          Conj/Fire      64%        2d8       1%          4
e - Fireball              Conj/Fire      32%        3d14      4%          5
f - Beastly Appendage     Tmut           100%       N/A       1%          1
g - Blink                 Tloc           N/A        N/A       1%          2
h - Wereblood             Tmut           64%        N/A       1%          2
i - Animate Dead          Necr           32%        N/A       1%          4
Your spell library was empty.

Dungeon Overview and Level Annotations

Branches:
Dungeon (8/15)             Temple (1/1) D:5            Lair (0/6) D:8

Altars:
Ashenzari
Cheibriados
Dithmenos
Elyvilon
Fedhas
Gozag
Hepliaklqana
Kikubaaqudgha
Makhleb
Nemelex Xobeh
Okawaru
Qazlal
Ru
Sif Muna
Trog
Uskayaw
Vehumet
Wu Jian
Xom
Yredelemnul
Zin
The Shining One

Shops:
D:2 *   D:3 *   D:8 *

Annotations:
D:6 3 runed translucent doors, Dazliare's ghost, novice OpAr


Innate Abilities, Weirdness & Mutations

You are immune to poison.
Your flesh is very heat resistant. (rF++)
You are vulnerable to cold. (rC-)
You float through the air rather than walking.
You learn spells naturally, not from books.
Your magical power is your life essence.
You have superior vitality. (+4 HP)


Message History

The death yak is lightly wounded.
The death yak is covered in liquid flames!
The death yak burns!
The death yak gores you but does no damage.
You take 4 damage, and have 38/57 hp.
The death yak burns!
The death yak burns!
The death yak burns!
The death yak stops burning.
Casting: Sticky Flame (dangerous; 1% risk of failure)
Confirm with . or Enter, or press ? or * to list all spells.
Aiming: Sticky Flame (dangerous; 1% risk of failure)
Press: ? - help, Shift-Dir - straight line, f/p - death yak
Aim: a death yak (lightly wounded, 0% to evade)
The sticky flame hits the death yak.
The death yak is moderately wounded.
The death yak is covered in liquid flames!
The death yak burns!
The death yak barely misses you.
You take 4 damage, and have 35/57 hp.
The death yak burns!
The death yak burns!
The death yak burns!
The death yak burns!
The death yak stops burning.
There is an open door here.
Casting: Sticky Flame (dangerous; 1% risk of failure)
Confirm with . or Enter, or press ? or * to list all spells.
Aiming: Sticky Flame (dangerous; 1% risk of failure)
Press: ? - help, Shift-Dir - straight line, f/p - death yak
Aim: a death yak (heavily wounded, 0% to evade)
The sticky flame hits the death yak.
The death yak is heavily wounded.
The death yak is covered in liquid flames!
The death yak burns!
The death yak gores you!
You take 18 damage, and have 18/57 hp.
MASSIVE DAMAGE!!
The death yak burns!
The death yak burns!
The death yak burns!
The death yak burns!
The death yak burns!
The death yak stops burning.
The death yak gores you!!
You die...

###.# #.......#
....###.......#
.....##.......#######
.....###'####.......#
......##.# #.......#
#####.##.# #(......#
#.##.# #.......#
#..#.# ####Y#'##
##.#.# #@#.#
#...#######.#.#
##..........#.#
#######..#########.#
.....###>..........#
####........########
#.####......#
..#..'......#
..#.##......#


You could see a death yak.

Vanquished Creatures
  A death yak (D:7)
  A yak (D:8)
  Menkaure (D:4)
  A water moccasin (D:7)
  3 black bears
  2 ogres
  2 orc warriors (D:7)
  2 centaurs
  A sky beast (D:6)
  2 kobold brigands (D:8)
  2 bullfrogs
  A wyvern skeleton (D:7)
  5 howler monkeys
  2 centaur zombies (D:7)
  A bullfrog zombie (D:5)
  2 bullfrog skeletons
  2 orc priests
  Crazy Yiuf (D:3)
  A hound (D:6)
  3 orc wizards
  3 worker ants
  A killer bee zombie (D:8)
  A howler monkey zombie (D:7)
  7 gnolls
  8 adders
  An ufetubus (D:6)
  3 worms
  A dart slug (D:2)
  19 orcs
  8 ball pythons
  8 bats
  4 endoplasms
  4 giant cockroaches
  8 goblins
  7 hobgoblins
  2 quokkas
  2 frilled lizards
  10 kobolds
  10 rats
143 creatures vanquished.

Vanquished Creatures (others)
  543 foxfires
543 creatures vanquished.

Grand Total: 686 creatures vanquished

Notes
Turn   | Place    | Note
-------+----------+-------------------------------------------
     0 | D:1      | jasper the Djinni Fire Elementalist began the quest for the
                  | Orb.
     0 | D:1      | Reached XP level 1. HP: 15/15 MP: 0/0
   292 | D:1      | Reached skill level 3 in Spellcasting
   329 | D:1      | Reached XP level 2. HP: 17/21 MP: 0/0
  1000 | D:1      | Reached XP level 3. HP: 21/25 MP: 0/0
  1000 | D:1      | Learned a level 1 spell: Beastly Appendage
  1124 | D:2      | Found a shadowy altar of Dithmenos.
  1124 | D:2      | Found a hazy altar of Hepliaklqana.
  1145 | D:1      | Reached skill level 4 in Spellcasting
  1145 | D:1      | Reached XP level 4. HP: 14/31 MP: 0/0
  1382 | D:2      | Noticed a shadow
  1664 | D:2      | Found Gozag's Platinum Reserve.
  1667 | D:2      | Found an opulent altar of Gozag.
  2251 | D:3      | Found Waesaoq's Assorted Antiques.
  2477 | D:3      | Found a faded altar of an unknown god.
  2489 | D:3      | Reached XP level 5. HP: 31/35 MP: 0/0
  2489 | D:3      | Learned a level 2 spell: Blink
  2708 | D:3      | Reached skill level 5 in Spellcasting
  3226 | D:3      | Found a runed translucent door.
  3227 | D:3      | Noticed Crazy Yiuf
  3674 | D:3      | Killed Crazy Yiuf
  4453 | D:4      | Reached XP level 6. HP: 38/40 MP: 0/0
  4906 | D:4      | Noticed Menkaure
  4912 | D:4      | Killed Menkaure
  4913 | D:4      | Reached skill level 6 in Spellcasting
  5100 | D:5      | Entered Level 5 of the Dungeon
  5112 | D:5      | Reached XP level 7. HP: 38/45 MP: 0/0
  5112 | D:5      | Learned a level 2 spell: Wereblood
  5278 | D:5      | Reached skill level 7 in Spellcasting
  5487 | D:5      | Found a sacrificial altar of Ru.
  5776 | D:5      | Found a white marble altar of Elyvilon.
  5854 | D:5      | Reached XP level 8. HP: 46/50 MP: 0/0
  5949 | D:5      | Found a staircase to the Ecumenical Temple.
  5965 | Temple   | Entered the Ecumenical Temple
  6128 | Temple   | Became a worshipper of Makhleb the Destroyer
  6193 | D:6      | Reached skill level 8 in Spellcasting
  6255 | D:6      | Found a runed translucent gate.
  6256 | D:6      | Found a runed translucent gate.
  6259 | D:6      | Found a runed translucent gate.
  6262 | D:6      | Noticed Dazliare's ghost (novice OpAr)
  6735 | D:6      | Reached skill level 9 in Spellcasting
  7673 | D:7      | Identified the +1 spear of Arbitration {protect, Int+6}
  7763 | D:7      | Reached XP level 9. HP: 19/55 MP: 0/0
  7763 | D:7      | Learned a level 4 spell: Animate Dead
  8084 | D:7      | Reached skill level 10 in Spellcasting
  8216 | D:7      | Reached * piety under Makhleb
  8265 | D:7      | Found a glowing golden altar of the Shining One.
  8413 | D:7      | Identified the +6 long sword of Chagrin {vorpal, *Corrode
                  | rElec rF+ Will+}
  8810 | D:8      | Found Doizxoum's Assorted Antiques.
  8818 | D:8      | Bought 2 glowing red potions for 64 gold pieces
  8818 | D:8      | Bought a fizzy pink potion for 32 gold pieces
  8890 | D:8      | Found a shimmering altar of Xom.
  8890 | D:8      | Found a shimmering altar of Xom.
  8890 | D:8      | Found a shimmering altar of Xom.
  8890 | D:8      | Found a shimmering altar of Xom.
  8890 | D:8      | Found a shimmering altar of Xom.
  8890 | D:8      | Found a shimmering altar of Xom.
  8890 | D:8      | Found a shimmering altar of Xom.
  8896 | D:8      | Noticed a death yak
  9304 | D:8      | Found a staircase to the Lair.
  9318 | D:8      | Noticed a death yak
  9319 | D:8      | Noticed a death yak
  9334 | D:8      | Noticed a troll
  9349 | D:7      | Killed a death yak
  9350 | D:7      | Reached skill level 11 in Spellcasting
  9350 | D:7      | Reached skill level 1 in Fighting
  9350 | D:7      | Reached skill level 1 in Armour
  9350 | D:7      | Reached skill level 1 in Evocations
  9500 | D:7      | Slain by a death yak

Illustrated notes

Levels and vault maps discovered:
D:1:      minmay_arrival_shattered_statue, layout_rooms, minmay_pentomino_v4
D:2:      layout_loops_cross, riverfiend_overflow_shadow_ancestor,
          nicolae_gozag_zags_fifth_avenue
D:3:      layout_loops_corners, chequers_ecumenical_altar_island, serial_shops,
          shop, uniq_crazy_yiuf_cottage
D:4:      layout_loops_corners, uniq_menkaure
D:5:      layout_rooms, kennysheep_little_box, minmay_temple_entry_trees,
          cheibrodos_sewer_entry_bend, basic_altar
D:6:      layout_rooms, gammafunk_ghost_necromancy, enter_ossuary_5,
          grunt_ministairs_7, kennysheep_generic_room_15
D:7:      minmay_general_purpose_star, layout_basic,
          gammafunk_temple_overflow_elements
D:8:      layout_rooms, xom_shifter_show, dpeg_lair_monsters, serial_shops, shop
Temple:   eino_temple_scatter_basement

Skill      XL: |  1  2  3  4  5  6  7  8  9 |
---------------+----------------------------+-----
Spellcasting   | 3 4 5 6 7 9 11 | 11.0
Fighting       | 1 |  1.1
Armour         | 1 |  1.1
Invocations    | 2 |  2.0
Evocations     | 1 |  1.8
Dodging        | |  2.7
Stealth        | |  1.5

Action                   |  1- 3 |  4- 6 |  7- 9 || total
-------------------------+-------+-------+-------++-------
Melee: Spear             |     4 |    14 |    18 ||    36
       Quarterstaff      |       |    15 |    28 ||    43
 Cast: Foxfire           |    48 |   141 |   144 ||   333
       Sticky Flame      |       |       |    15 ||    15
       Blink             |       |       |     2 ||     2
       Fireball          |       |       |     3 ||     3
  Use: Potion            |       |       |     6 ||     6
       Scroll            |       |       |    13 ||    13
 Stab: Sleeping          |       |     1 |       ||     1
Armor: Robe              |     6 |       |       ||     6
       Swamp dragon scal |     5 |    30 |    97 ||   132
Dodge: Dodged            |    15 |    23 |    73 ||   111

Table legend: (Time is in decaauts)
 A = Elapsed time spent in this place.
 B = Non-inter-level travel time spent in this place.
 C = Inter-level travel time spent in this place.
 D = Time resting spent in this place.
 E = Time spent auto-exploring this place.
 F = Levels seen in this place.
 G = Mean time per level.
                   A        B        C        D        E       F      G
               +--------+--------+--------+--------+--------+-----+--------+
         Total |   9518 |   9308 |    210 |   1584 |   6569 |   9 | 1057.6 |
       Dungeon |   9344 |   9158 |    186 |   1584 |   6422 |   8 | 1168.0 |
        Temple |    173 |    149 |     24 |      0 |    147 |   1 |  173.0 |
               +--------+--------+--------+--------+--------+-----+--------+

Top non-repeatable levels by time:
     D:3: 1819 daAuts
     D:7: 1782 daAuts
     D:1: 1305 daAuts
     D:4: 1131 daAuts
     D:6: 1074 daAuts
     D:5: 915 daAuts
     D:2: 848 daAuts
     D:8: 467 daAuts
  Temple: 173 daAuts
